Description

2 anti-timing reapers into 3rax into macro

VOD

https://www.youtube.com/watch?v=g4s891EbLwM&list=PLhaCXeA_nfD3-GKd8QvKUHdUA2hvh1Zx3&index=46

Replay - 3rax vs P

Build Order

Get SALT Encoding   

  12  0:00  SCV  
  13  0:12  SCV  
  14  0:16  Supply Depot  
  14  0:24  SCV  
  15  0:38  SCV  
  15  0:39  Barracks  
  15  0:42  Refinery  
  16  0:50  SCV  
  17  1:02  SCV  
  18  1:14  SCV  
  19  1:26  Orbital Command, Barracks Reactor  
  19  1:45  Command Center  
  19  1:51  Supply Depot  
  19  1:52  SCV  
  20  2:02  Marine x2  
  20  2:05  SCV  
  23  2:16  Barracks  
  23  2:17  SCV  
  23  2:20  Reaper x2  
  27  2:33  Barracks  
  27  2:42  Refinery  
  28  2:52  Marine x2  
  30  3:05  Orbital Command  
  31  3:06  Barracks Tech Lab  
  31  3:10  Marine x2  
  30  3:29  Barracks Tech Lab, Marine x3  
  30  3:32  Stimpack  
  36  3:49  Marine  
  36  3:53  Combat Shield  
  41  4:00  Supply Depot  
  45  4:16  Supply Depot  
  46  4:21  Factory  
  48  4:29  Bunker  
  50  4:32  Marauder x2  
  56  4:41  Supply Depot  
  56  4:47  Engineering Bay  
  59  4:53  Marauder  
  63  5:09  Factory Reactor  
  63  5:10  Starport  
  65  5:21  Terran Infantry Weapons Level 1  
  69  5:35  Concussive Shells, Marauder  
  61  5:44  Marauder  
  64  5:51  Factory Tech Lab  
  64  5:53  Medivac x2  
  70  5:58  Refinery x2  
Spawning Tool Build Advisor. Get it on Overwolf

Go to:

Details

  • Created by: Kinpach
  • Published on: Aug 28, 2025
  • Modified on: Aug 28, 2025
  • Patch: 5.0.11
  • Difficulty: Medium
Show
View Real Time Build Order
Export as new Build Order

Comments (0)

There are no comments. Be the first!

Create an account to comment!